 Dungeon Crawl Stone Soup version 0.23.2-33-g5129a83184 (webtiles) character file.

Game seed: 4031842517171227008

787 troglodite the Quickloader (level 7, -3/56 HPs)
             Began as a Gnoll Hunter on July 1, 2019.
             Was a Believer of Okawaru.
             Killed from afar by Dowan (16 damage)
             ... with a shard of ice
             ... on level 4 of the Dungeon.
             The game lasted 00:09:59 (3964 turns).

troglodite the Quickloader (Gnoll Hunter)           Turns: 3964, Time: 00:09:59

Health: -3/56      AC:  7    Str: 14    XL:     7   Next: 87%
Magic:  11/11      EV: 15    Int: 16    God:    Okawaru [**....]
Gold:   236        SH:  5    Dex: 18    Spells: 11/11 levels left

rFire    + . .     SeeInvis .   a - +1 hand crossbow
rCold    . . .     Gourm    .   u - +0 buckler
rNeg     . . .     Faith    +   j - +3 leather armour {rF+}
rPois    .         Spirit   .   n - +0 helmet
rElec    .         Reflect  .   (no cloak)
rCorr    .         Harm     .   (no gloves)
MR       .....                  (no boots)
Stlth    ++........             q - amulet of faith
HPRegen  0.18/turn              m - +3 ring of intelligence
MPRegen  0.12/turn              (no ring)

@: no status effects
A: distributed training, fangs 1, strong nose
a: Heroism, Renounce Religion


You were on level 4 of the Dungeon.
You worshipped Okawaru.
Okawaru was pleased with you.
You were not hungry.

You visited 1 branch of the dungeon, and saw 4 of its levels.

You collected 236 gold pieces.

Inventory:

Hand Weapons
 a - a +1 hand crossbow (weapon)
 b - a +0 short sword
Missiles
 t - 3 tomahawks (quivered)
Armour
 d - a +0 chain mail
 j - a +3 leather armour of fire resistance (worn)
 n - a +0 helmet (worn)
 u - a +0 buckler (worn)
Jewellery
 m - a +3 ring of intelligence (left hand)
 q - an amulet of faith (around neck)
Scrolls
 c - 3 scrolls of identify
 g - a scroll of fog {unknown}
 h - a scroll of magic mapping {unknown}
 s - a scroll of amnesia {unknown}
Potions
 e - a potion of mutation {unknown}
 i - a potion of agility {unknown}
 k - a potion of haste {unknown}
 l - a potion of lignification {unknown}
 o - 4 potions of curing
 p - a potion of brilliance {unknown}
Comestibles
 f - 7 rations
 v - a chunk of flesh


   Skills:
 + Level 5.3 Fighting
 + Level 2.7 Short Blades
 + Level 2.7 Long Blades
 + Level 2.7 Axes
 + Level 2.7 Maces & Flails
 + Level 2.7 Polearms
 + Level 2.7 Staves
 + Level 2.7 Slings
 + Level 2.7 Bows
 + Level 9.0 Crossbows
 + Level 2.7 Throwing
 + Level 2.7 Armour
 + Level 5.3 Dodging
 + Level 3.6 Stealth
 + Level 2.7 Shields
 + Level 2.7 Unarmed Combat
 + Level 2.7 Spellcasting
 + Level 2.2 Conjurations
 + Level 2.2 Hexes
 + Level 2.2 Charms
 + Level 2.2 Summonings
 + Level 2.2 Necromancy
 + Level 2.2 Translocations
 + Level 2.2 Transmutations
 + Level 2.2 Fire Magic
 + Level 2.2 Ice Magic
 + Level 2.2 Air Magic
 + Level 2.2 Earth Magic
 + Level 2.2 Poison Magic
 + Level 3.0 Invocations
 + Level 2.7 Evocations


You had 11 spell levels left.
You didn't know any spells.
Your spell library was empty.

Dungeon Overview and Level Annotations

Branches:
Dungeon (4/15)             Temple (0/1) D:4

Altars:
Okawaru
Uskayaw
Zin
The Shining One

Annotations:
D:4 Dowan


Innate Abilities, Weirdness & Mutations

Your experience applies equally to all skills.
You have very sharp teeth.
Your uncanny sense of smell can sniff out nearby items.


Message History

A howler monkey comes into view.
Found a glowing silver altar of Zin.
Things that are here:
5 bolts; a +0 dagger You see here 2 bolts.
Dowan points at you and mumbles some strange words.
The shard of ice hits you!
* * * LOW HITPOINT WARNING * * *
Found a stone staircase leading up.
The howler monkey hoots and howls with incredible vigour!
You hear a shout! x2
You see here 4 bolts.
You see here a bolt.
As you read the scroll labeled JEJ HITYGEPISO, it crumbles to dust.
It is a scroll of identify.
o - 4 potions of curing You block the howler monkey's attack.
Dowan casts a spell at you. The shard of ice hits you!
You die...

# ########### #
#........<#
#######
#.........# ......
.........#
###.##### .......
....#...######.h##
#.#.....))((..(e.#
#.[....####)####@#
#......# ..... #.#
#.###..#.......#..
#.#
#..#.......#...
..#
#......_........
..#
##.#.......#(....
#..
#.#.......#......
.. #.......


You could see Dowan and a howler monkey.

Vanquished Creatures
  Grinder (D:4)
  Sigmund (D:3)
  Duvessa (D:4)
  An orc priest (D:4)
  A centaur skeleton (D:4)
  3 orc wizards
  Ijyb (D:3)
  A worker ant (D:4)
  5 adders
  5 worms
  2 dart slugs
  4 leopard geckos
  14 orcs
  2 giant cockroaches
  5 hobgoblins
  A jackal (D:3)
  A quokka (D:3)
  5 bats
  4 frilled lizards
  9 goblins
  9 kobolds
  3 rats
79 creatures vanquished.

Notes
Turn   | Place    | Note
-------+----------+-------------------------------------------
     0 | D:1      | troglodite the Gnoll Hunter began the quest for the Orb.
     0 | D:1      | Reached XP level 1. HP: 20/20 MP: 1/1
   140 | D:1      | Reached XP level 2. HP: 26/26 MP: 2/2
   731 | D:2      | Reached XP level 3. HP: 31/31 MP: 3/3
  1088 | D:2      | Reached skill level 1 in Invocations
  1114 | D:2      | Found a hide-covered altar of Uskayaw.
  1364 | D:2      | Reached skill level 1 in Short Blades
  1364 | D:2      | Reached skill level 1 in Long Blades
  1364 | D:2      | Reached skill level 1 in Axes
  1364 | D:2      | Reached skill level 1 in Maces & Flails
  1364 | D:2      | Reached skill level 1 in Polearms
  1364 | D:2      | Reached skill level 1 in Staves
  1364 | D:2      | Reached skill level 1 in Slings
  1364 | D:2      | Reached skill level 1 in Bows
  1364 | D:2      | Reached skill level 1 in Throwing
  1364 | D:2      | Reached skill level 1 in Armour
  1364 | D:2      | Reached skill level 1 in Shields
  1364 | D:2      | Reached skill level 1 in Unarmed Combat
  1364 | D:2      | Reached skill level 1 in Spellcasting
  1364 | D:2      | Reached skill level 1 in Evocations
  1455 | D:2      | Found an iron altar of Okawaru.
  1471 | D:2      | Became a worshipper of Warmaster Okawaru
  1549 | D:2      | Found a glowing golden altar of the Shining One.
  1742 | D:3      | Reached XP level 4. HP: 38/38 MP: 5/5
  1850 | D:3      | Noticed Sigmund
  1889 | D:3      | Reached skill level 1 in Conjurations
  1889 | D:3      | Reached skill level 1 in Hexes
  1889 | D:3      | Reached skill level 1 in Charms
  1889 | D:3      | Reached skill level 1 in Summonings
  1889 | D:3      | Reached skill level 1 in Necromancy
  1889 | D:3      | Reached skill level 1 in Translocations
  1889 | D:3      | Reached skill level 1 in Transmutations
  1889 | D:3      | Reached skill level 1 in Fire Magic
  1889 | D:3      | Reached skill level 1 in Ice Magic
  1889 | D:3      | Reached skill level 1 in Air Magic
  1889 | D:3      | Reached skill level 1 in Earth Magic
  1889 | D:3      | Reached skill level 1 in Poison Magic
  2192 | D:3      | Noticed Ijyb
  2491 | D:3      | Killed Ijyb
  2491 | D:3      | Reached XP level 5. HP: 42/43 MP: 6/6
  2817 | D:3      | Killed Sigmund
  2817 | D:3      | Reached * piety under Okawaru
  2817 | D:3      | Reached XP level 6. HP: 21/50 MP: 8/8
  3169 | D:3      | Reached skill level 5 in Fighting
  3169 | D:3      | Reached skill level 5 in Dodging
  3514 | D:4      | Found a glowing golden altar of the Shining One.
  3590 | D:4      | Noticed Grinder
  3596 | D:4      | Paralysed by Grinder for 5 turns
  3608 | D:4      | Killed Grinder
  3608 | D:4      | Reached XP level 7. HP: 21/56 MP: 10/10
  3848 | D:4      | Found a staircase to the Ecumenical Temple.
  3899 | D:4      | Reached ** piety under Okawaru
  3922 | D:4      | Noticed Duvessa
  3930 | D:4      | Killed Duvessa
  3930 | D:4      | Reached skill level 9 in Crossbows
  3941 | D:4      | Noticed Dowan
  3957 | D:4      | Found a glowing silver altar of Zin.
  3964 | D:4      | Killed from afar by Dowan

Skill      XL: |  1  2  3  4  5  6  7 |
---------------+----------------------+-----
Invocations    | 1 2 3 |  3.0
Short Blades   | 1 2 |  2.7
Long Blades    | 1 2 |  2.7
Axes           | 1 2 |  2.7
Maces & Flails | 1 2 |  2.7
Polearms       | 1 2 |  2.7
Staves         | 1 2 |  2.7
Slings         | 1 2 |  2.7
Bows           | 1 2 |  2.7
Throwing       | 1 2 |  2.7
Armour         | 1 2 |  2.7
Shields        | 1 2 |  2.7
Unarmed Combat | 1 2 |  2.7
Spellcasting   | 1 2 |  2.7
Evocations     | 1 2 |  2.7
Conjurations   | 1 2 |  2.2
Hexes          | 1 2 |  2.2
Charms         | 1 2 |  2.2
Summonings     | 1 2 |  2.2
Necromancy     | 1 2 |  2.2
Translocations | 1 2 |  2.2
Transmutations | 1 2 |  2.2
Fire Magic     | 1 2 |  2.2
Ice Magic      | 1 2 |  2.2
Air Magic      | 1 2 |  2.2
Earth Magic    | 1 2 |  2.2
Poison Magic   | 1 2 |  2.2
Stealth        | 3 |  3.6
Fighting       | 5 |  5.3
Dodging        | 5 |  5.3
Crossbows      | 9 |  9.0

Action                   |  1- 3 |  4- 6 |  7- 9 || total
-------------------------+-------+-------+-------++-------
Melee: Short sword       |       |    87 |       ||    87
       Bite              |       |    13 |       ||    13
 Fire: Hand crossbow     |    69 |    75 |    39 ||   183
Throw: Tomahawk          |       |     3 |       ||     3
  Use: Scroll            |       |       |     1 ||     1
  Eat: Chunk             |     2 |     3 |     1 ||     6
       Ration            |       |     1 |       ||     1
Armor: Leather armour    |     1 |     7 |     5 ||    13
       Ring mail         |     2 |       |       ||     2
       Scale mail        |     2 |    12 |       ||    14
       Chain mail        |       |    14 |       ||    14
Dodge: Dodged            |     8 |    68 |    15 ||    91
Block: Buckler           |       |       |     5 ||     5
